 Dungeon Crawl Stone Soup version 0.21.1-1-g345015f (webtiles) character file.

361 shakethe the Magician (level 6, -3/32 HPs)
             Began as a Deep Elf Fire Elementalist on Feb 8, 2018.
             Shot with an arrow by a centaur (8 damage)
             ... on level 5 of the Dungeon.
             The game lasted 00:09:17 (2480 turns).

shakethe the Magician (Deep Elf Fire Elementalist)  Turns: 2480, Time: 00:09:18

Health: -3/32      AC:  2    Str:  5    XL:     6   Next: 38%
Magic:  15/17      EV: 13    Int: 22    God:
Gold:   170        SH:  0    Dex: 15    Spells: 4/17 levels left

rFire    . . .     SeeInvis .   d - +0 dagger
rCold    . . .     Gourm    .   (no shield)
rNeg     . . .     Faith    .   a - +0 robe
rPois    .         Spirit   .   (no helmet)
rElec    .         Reflect  .   (no cloak)
rCorr    .         Harm     .   (no gloves)
MR       .....                  (no boots)
Stlth    ++........             l - amulet of regeneration {+regen, !d}
HPRegen  0.50/turn              (no ring)
MPRegen  0.15/turn              (no ring)

@: very slightly contaminated
A: no striking features
a: no special abilities


You were on level 5 of the Dungeon.
You were not hungry.

You visited 1 branch of the dungeon, and saw 5 of its levels.

You collected 170 gold pieces.

Inventory:

Hand Weapons
 d - a +0 dagger (weapon)
   (You took it off a kobold on level 1 of the Dungeon)
Missiles
 j - 4 curare-tipped needles
Armour
 a - a +0 robe (worn)
Jewellery
 l - an amulet of regeneration (around neck) {+regen, !d}
   (You found it on level 3 of the Dungeon)
Scrolls
 e - a scroll of identify
 h - a scroll of remove curse
 m - 2 scrolls of enchant armour {unknown}
 n - a scroll of teleportation {unknown}
 o - a scroll of enchant weapon {unknown}
Potions
 f - a potion of degeneration {unknown}
 g - a potion of curing {unknown}
 i - a potion of flight {unknown}
 k - a potion of resistance {unknown}
Books
 b - a book of Flames
Comestibles
 c - 4 rations
 p - a chunk of flesh {@w0}


   Skills:
 - Level 2.4 Dodging
 - Level 2.4 Stealth
 + Level 6.1 Spellcasting
 - Level 3.4 Conjurations
 + Level 5.5 Fire Magic


You had 4 spell levels left.
You knew the following spells:

 Your Spells              Type           Power        Failure   Level  Hunger
a - Flame Tongue          Conj/Fire      ####.        1%          1    None
c - Conjure Flame         Conj/Fire      ####....     4%          3    #......
f - Fireball              Conj/Fire      ####......   36%         5    #####..
s - Sticky Flame          Conj/Fire      ####....     14%         4    ###....


Dungeon Overview and Level Annotations

Branches:
Dungeon (5/15)
 Temple: D:4-7

Altars:

Shops:
D:5 *

Annotations:
D:4 Xelenos's ghost, amateur MiMo


Message History

The flame tongue hits the ball python.
You kill the ball python!
You now have 14/17 mp.
You now have 140 gold pieces (gained 9).
You now have 154 gold pieces (gained 14).
There is an escape hatch in the ceiling here.
You see here a war axe.
Things that are here:
a dagger; a leather armour You see here a morningstar.
You now have 167 gold pieces (gained 13).
Things that are here:
a hand axe; a leather armour; an orc skeleton MP restored: 17
Found a stone staircase leading up.
There is a stone staircase leading up here.
Found a stone staircase leading down.
o - a scroll labeled URA GEUDES
There is a stone staircase leading up here.
You climb upwards.
Level annotation: Xelenos's ghost, amateur MiMo The gnoll closely misses you.
The gnoll hits you from afar with a halberd!
The gnoll hits you with a flail!
There is a stone staircase leading down, spattered with blood here.
You take 19 damage, and have 13/32 hp.
MASSIVE DAMAGE!!
The gnoll misses you. The gnoll closely misses you.
The gnoll barely misses you.
You climb downwards.
There is a stone staircase leading up here.
Aim: a gnoll, wielding a flail The sticky flame hits the gnoll.
The gnoll is covered in liquid flames!
The gnoll burns!
The gnoll hits you with a flail.
You take 1 damage, and have 13/32 hp.
You now have 13/17 mp.
The gnoll burns!
You kill the gnoll!
There is a stone staircase leading up here.
You start resting.
You are near starving!
You regained 11 hp, and now have 27/32 hp.
MP restored: 17 You now have 170 gold pieces (gained 3).
Things that are here:
a flail; a gnoll corpse You butcher the gnoll corpse.
p - 3 chunks of flesh {@w0}
Things that are here:
a flail; a gnoll skeleton Eating one of 3 chunks of flesh {@w0}.
You eat one of the 3 chunks of flesh {@w0}.
You are feeling hungry.
Eating one of 2 chunks of flesh {@w0}.
You eat one of the 2 chunks of flesh {@w0}.
Okay, then.
Things that are here:
a flail; a gnoll skeleton
Found Qiusenai's General Store.
Health restored: 32
There is an entrance to Qiusenai's General Store here.
A centaur comes into view.
You can't see any susceptible monsters within range! (Use Z to cast anyway.)
Aim: a centaur (hasn't noticed you)
The flame tongue hits the centaur.
The centaur shouts!
The centaur wields a runed shortbow.
The centaur shoots an arrow.
The arrow barely misses you.
You now have 16/17 mp.
Aim: a centaur, wielding an enchanted shortbow (moderately wounded)
You miscast Flame Tongue.
You are very lightly contaminated with residual magic.
Nothing appears to happen.
The centaur shoots an arrow.
The arrow hits you!
You take 12 damage, and have 20/32 hp.
MASSIVE DAMAGE!!
You now have 15/17 mp.
The centaur shoots an arrow.
The arrow misses you.
You see here an arrow.
The centaur shoots an arrow.
The arrow barely misses you.
The centaur shoots an arrow.
The arrow closely misses you.
The centaur shoots an arrow.
The arrow hits you.
You see here an arrow.
You take 6 damage, and have 16/32 hp.
The centaur shoots an arrow.
The arrow hits you!
* * * LOW HITPOINT WARNING * * *
You see here an arrow.
You take 11 damage, and have 5/32 hp.
MASSIVE DAMAGE!!
The fire ignites!
You now have 13/17 mp.
There is an entrance to Qiusenai's General Store here.
There is a stone staircase leading down here.
The centaur shoots an arrow.
The arrow hits you!
* * * LOW HITPOINT WARNING * * *
You see here an arrow.
You take 7 damage, and have 4/32 hp.
MASSIVE DAMAGE!!
Out of range.
Okay, then.
The centaur shoots an arrow.
The arrow hits you!
You die...

#.# #.#...>....<..
#.# #.##.#########
#.# #.............
#.####.##.#########
#.#..........#
#.#.####..##.#
#.#.# #.......
###<#.# ##.##.##.#
#...@.# #.# # #
#.###.# #.. #.# #(#
##.# #.###.## .#
#.##.>.# #.##...#
#.##...# #.###c##
#.# #.#


You could see a centaur.

Vanquished Creatures
  Sigmund (D:2)
  A howler monkey (D:5)
  An orc priest (D:5)
  Jessica (D:1)
  A worker ant (D:5)
  2 gnolls
  2 adders
  A dart slug (D:2)
  A leopard gecko (D:4)
  6 orcs (D:5)
  2 ball pythons
  3 bats (D:2)
  5 giant cockroaches
  2 goblins
  6 hobgoblins
  A quokka (D:4)
  4 frilled lizards
  4 kobolds
  9 rats
53 creatures vanquished.

Notes
Turn   | Place    | Note
-------+----------+-------------------------------------------
     0 | D:1      | shakethe the Deep Elf Fire Elementalist began the quest for the Orb.
     0 | D:1      | Reached XP level 1. HP: 10/10 MP: 6/6
   319 | D:1      | Reached XP level 2. HP: 15/15 MP: 2/8
   735 | D:2      | Noticed Jessica
   740 | D:2      | Noticed Sigmund
   755 | D:1      | Killed Jessica
   755 | D:1      | Reached skill level 2 in Conjurations
   755 | D:1      | Reached XP level 3. HP: 8/19 MP: 1/10
  1049 | D:2      | Killed Sigmund
  1049 | D:2      | Reached skill level 5 in Spellcasting
  1049 | D:2      | Reached skill level 3 in Conjurations
  1049 | D:2      | Reached skill level 4 in Fire Magic
  1049 | D:2      | Reached XP level 4. HP: 22/24 MP: 5/13
  1049 | D:2      | Reached XP level 5. HP: 26/28 MP: 5/14
  1114 | D:2      | Learned a level 4 spell: Sticky Flame
  1120 | D:2      | Learned a level 5 spell: Fireball
  1716 | D:3      | You fall through a shaft for 2 floors!
  1716 | D:5      | Entered Level 5 of the Dungeon
  1724 | D:5      | Reached skill level 5 in Fire Magic
  1749 | D:4      | Noticed Xelenos's ghost (amateur MiMo)
  1762 | D:5      | Reached XP level 6. HP: 25/32 MP: 7/16
  2007 | D:4      | HP: 6/32 [gnoll shaman/whip (9)]
  2009 | D:4      | HP: 2/32 [phantom (5)]
  2091 | D:5      | Learned a level 3 spell: Conjure Flame
  2129 | D:5      | Reached skill level 6 in Spellcasting
  2443 | D:5      | Found Qiusenai's General Store.
  2465 | D:5      | HP: 5/32 [centaur/arrow (12)]
  2478 | D:5      | HP: 4/32 [centaur/arrow (7)]
  2480 | D:5      | Shot with an arrow by a centaur

Skill      XL: |  1  2  3  4  5  6 |
---------------+-------------------+-----
Conjurations   | 2 3 |  3.4
Spellcasting   | 5 6 |  6.1
Fire Magic     | 4 5 |  5.5
Dodging        | |  2.4
Stealth        | |  2.4

Action                   |  1- 3 |  4- 6 || total
-------------------------+-------+-------++-------
Melee: Dagger            |     5 |    12 ||    17
 Cast: Flame Tongue      |    33 |    69 ||   102
       Sticky Flame      |       |     9 ||     9
       Conjure Flame     |       |     1 ||     1
  Use: Scroll            |       |     3 ||     3
 Stab: Sleeping          |       |     1 ||     1
  Eat: Chunk             |       |     6 ||     6
Armor: Robe              |     3 |     3 ||     6
Dodge: Dodged            |     7 |    31 ||    38

Vault maps used:
D:1:      nicolae_arrival_memento_mori
D:2:      uniq_sigmund, uniq_jessica
D:3:      first_ration, hex_intersection, serial_bayou_pond_b
D:5:      kennysheep_little_box, serial_shops, shop, minmay_misc_feat_five,
          nemelex_lonely_heart_becter

Table legend:
 A = Turns spent in this place as a percentage of turns spent in the entire game.
 B = Non-inter-level travel turns spent in this place as a percentage of non-inter-level travel turns spent in the entire game.
 C = Inter-level travel turns spent in this place as a percentage of turns spent in this place.
 D = Turns resting spent in this place as a percentage of non-inter-level travel turns spent in this place.
 E = Turns spent auto-exploring this place as a percentage of non-inter-level travel turns spent in this place.
 F = Non-inter-level travel turns spent in this place divided by the number of levels of this place that you've seen.
                   A       B       C       D       E      F
               +-------+-------+-------+-------+-------+----------------------
         Total | 100.0 | 100.0 |   2.8 |  36.5 |  36.9 | 482.2
       Dungeon | 100.0 | 100.0 |   2.8 |  36.5 |  36.9 | 482.2
               +-------+-------+-------+-------+-------+----------------------

Table legend:
 A = Kills in this place as a percentage of kills in entire the game.
 B = Kills by you in this place as a percentage of kills by you in the entire game.
 C = Kills by friends in this place as a percentage of kills by friends in the entire game.
 D = Other kills in this place as a percentage of other kills in the entire game.
 E = Experience gained in this place as a percentage of experience gained in the entire game.
 F = Experience gained in this place divided by the number of levels of this place that you have seen.
                   A       B       C       D       E      F
               +-------+-------+-------+-------+-------+----------------------
         Total | 100.0 | 100.0 |   N/A |   N/A | 100.0 | 103.2
       Dungeon | 100.0 | 100.0 |   N/A |   N/A | 100.0 | 103.2
               +-------+-------+-------+-------+-------+----------------------
